 Dungeon Crawl Stone Soup version 0.18-a0-1718-g40ea4b6 (webtiles) character file.

429 namelastname112 the Ruffian (level 6, 0/85 HPs)
             Began as a Naga Monk on Apr 8, 2016.
             Killed from afar by an orc wizard (8 damage)
             ... with a magic dart
             ... on level 4 of the Dungeon.
             The game lasted 00:03:48 (3488 turns).

namelastname112 the Ruffian (Naga Monk)             Turns: 3488, Time: 00:03:49

Health: 0/85       AC: 23    Str: 13 (16) XL:     6   Next: 98%
Magic:  6/6        EV:  1    Int:  9 (10) God:
Gold:   178        SH:  0    Dex: 11 (13) Spells: 0 memorised, 5 levels left

rFire  . . .     SeeInvis +     h - +3 dagger (venom)
rCold  . . .     Gourm    .     (armour currently unavailable)
rNeg   + + +     Faith    .     (no shield)
rPois  +         Spirit   .     (helmet currently unavailable)
rElec  .         Dismiss  .     (cloak currently unavailable)
rCorr  .         Reflect  .     (gloves currently unavailable)
SustAt .         Harm     .     (no barding)
MR     .....     NoTele   +     (no amulet)
Stlth  +++.......               (no ring)
                                (no ring)

@: tree-form (expiring), not resistant to hostile enchantments, fairly stealthy
A: see invisible, (deformed body), (poison resistance), (slowness 0), slow
metabolism 1, spit poison 2, AC +2
a: Spit Poison


You were on level 4 of the Dungeon.
You were hungry.
You were a tree.
You visited 1 branch of the dungeon, and saw 4 of its levels.

You collected 178 gold pieces.

Inventory:

Hand Weapons
 h - a +3 dagger of venom (weapon)
Armour
 c - a +0 ring mail (melded)
Wands
 k - a wand of random effects (24/48)
 t - a wand of random effects (2/48)
Scrolls
 d - 4 scrolls of remove curse
 e - a scroll of fog {unknown}
 f - 2 scrolls of magic mapping {unknown}
 g - 4 scrolls of identify {unknown}
 i - 2 scrolls of amnesia {unknown}
 j - 2 scrolls of teleportation {unknown}
 n - 3 scrolls of noise {unknown}
 p - a scroll of fear {unknown}
 q - a scroll of blinking {unknown}
Potions
 a - a potion of degeneration
 l - a potion of brilliance {unknown}
 m - 3 potions of curing
 s - a potion of lignification
Comestibles
 b - 3 bread rations
 o - 2 fruits
 r - a meat ration


   Skills:
 + Level 4.1 Fighting
 + Level 2.2 Armour
 + Level 3.6 Dodging
 - Level 3.0 Stealth
 * Level 6.0 Unarmed Combat


You had 5 spell levels left.
You didn't know any spells.

Dungeon Overview and Level Annotations

Branches:
Dungeon (4/15)
 Temple: D:4-7

Altars:
Ashenzari
Trog
Xom


Innate Abilities, Weirdness & Mutations

You cannot wear boots.
((Your serpentine skin is tough (AC +2).))
You have supernaturally acute eyesight.
((Armour fits poorly on your strangely shaped body.))
((Your system is resistant to poisons.))
((You cover ground very slowly.))
You have a slow metabolism.
You can spit poison.


Message History

Press: ? - help, Shift-Dir - straight line, f - orc wizard
Aim: an orc wizard, wielding a dagger and wearing a robe (fast)
The orc wizard resists with significant effort.
Evoking this partially-identified wand wasted a few charges.
Evoke which item? (* to show all) (? for menu, Esc to quit)
Zapping:
t - a wand of random effects {zapped: 3} (will waste charges)
Press: ? - help, Shift-Dir - straight line, f/p - orc wizard
Aim: an orc wizard, wielding a dagger and wearing a robe (fast)
The orc wizard seems to slow down.
Evoking this partially-identified wand wasted a few charges.
Evoke which item? (* to show all) (? for menu, Esc to quit)
Zapping:
t - a wand of random effects {zapped: 5} (will waste charges)
Press: ? - help, Shift-Dir - straight line, f/p - orc wizard
Aim: an orc wizard, wielding a dagger and wearing a robe (fast+slow)
The orc wizard resists with some effort.
Evoking this partially-identified wand wasted a few charges.
You closely miss the orc wizard. The orc wizard casts a spell at you.
The magic dart hits you!
You die...

.# ... !...## ......#
......)###
.....<.♣)###
........o..###
.............###
...............####
...###............###
.....
##.............####
....
###..............#
... ##.............#
..# ##............#


You could see an orc wizard.

Vanquished Creatures
  An ogre (D:4)
  2 hounds (D:4)
  An orc priest (D:4)
  Ijyb (D:2)
  2 worker ants (D:4)
  7 adders
  An ooze (D:4)
  2 worms (D:4)
  A dart slug (D:1)
  2 giant geckos
  9 orcs
  A ball python (D:3)
  2 bats (D:1)
  6 giant cockroaches
  21 goblins
  8 hobgoblins
  3 jackals (D:1)
  2 quokkas
  5 giant newts
  8 kobolds
  7 rats
92 creatures vanquished.

Notes
Turn   | Place    | Note
--------------------------------------------------------------
     0 | D:1      | namelastname112 the Naga Monk began the quest for the Orb.
     0 | D:1      | Reached XP level 1. HP: 21/21 MP: 1/1
   266 | D:1      | Reached XP level 2. HP: 18/28 MP: 2/2
   953 | D:2      | Reached XP level 3. HP: 34/34 MP: 3/3
  1239 | D:2      | Reached skill level 1 in Armour
  1293 | D:2      | Noticed Ijyb
  1318 | D:2      | Killed Ijyb
  1318 | D:2      | Reached XP level 4. HP: 10/42 MP: 4/4
  2146 | D:3      | Reached skill level 5 in Unarmed Combat
  2152 | D:3      | Reached XP level 5. HP: 42/49 MP: 5/5
  2256 | D:3      | Found a shattered altar of Ashenzari.
  2257 | D:3      | Found a shimmering altar of Xom.
  2554 | D:3      | Found a bloodstained altar of Trog.
  3100 | D:4      | Noticed an ogre
  3107 | D:4      | Killed an ogre
  3107 | D:4      | Reached XP level 6. HP: 28/57 MP: 6/6
  3469 | D:4      | Reached skill level 6 in Unarmed Combat
  3488 | D:4      | Killed from afar by an orc wizard

Vault maps used:
D:1:      onia_arrival_pyramid
D:2:      kennysheep_the_goblin_king, first_bread, serial_bayou_pond_b
D:3:      gammafunk_temple_overflow_pools, trog_hazing_becter
D:4:      nicolae_overflow_quartered_altars, nrook_mini_backslash

Skill      XL: |  1  2  3  4  5  6 |
---------------+-------------------+-----
Armour         | 1 2 |  2.2
Dodging        | 3 |  3.6
Unarmed Combat | 5 6 |  6.0
Fighting       | 4 |  4.1
Stealth        | |  3.0

Action                   |  1- 3 |  4- 6 || total
-------------------------+-------+-------++-------
Melee: Unarmed           |    77 |       ||    77
       Dagger            |    27 |   183 ||   210
 Abil: Spit Poison       |     1 |       ||     1
Evoke: Wand              |       |     3 ||     3
  Use: Scroll            |       |     1 ||     1
       Potion            |       |     3 ||     3
 Stab: Distracted        |     1 |       ||     1
       Sleeping          |     1 |     6 ||     7
  Eat: Chunk             |       |     6 ||     6
